 Dungeon Crawl Stone Soup version 0.25-a0-737-g26c3a87 (webtiles) character file.

Game seed: 6092268881343490310, levelgen mode: deterministic

2 Charmandara the Conjurer (level 1, 0/14 HPs)
             Began as a Demigod Conjurer on Apr 12, 2020.
             Slain by an ooze (3 damage)
             ... on level 1 of the Dungeon.
             The game lasted 00:00:32 (60 turns).

Charmandara the Conjurer (Demigod Conjurer)           Turns: 60, Time: 00:00:33

Health: 0/14       AC:  2    Str: 11    XL:     1   Next: 26%
Magic:  0/5        EV: 12    Int: 19    God:
Gold:   0          SH:  0    Dex: 16    Spells: 2/3 levels left

rFire    . . .     SeeInvis .   b - +0 club
rCold    . . .     Gourm    .   (no shield)
rNeg     . . .     Faith    .   a - +0 robe
rPois    .         Spirit   .   (no helmet)
rElec    .         Reflect  .   (no cloak)
rCorr    .         Harm     .   (no gloves)
MR       .....                  (no boots)
Stlth    ++........             (no amulet)
HPRegen  0.04/turn              (no ring)
MPRegen  0.09/turn              (no ring)

@: no status effects
A: high mp 1
a: no special abilities


You were on level 1 of the Dungeon.
You were not hungry.

You visited 1 branch of the dungeon, and saw 1 of its levels.

Inventory:

Hand Weapons
 b - a +0 club (weapon)
   (You took it off a hobgoblin on level 1 of the Dungeon)
Armour
 a - a +0 robe (worn)
Comestibles
 c - 2 rations


   Skills:
 - Level 1.7 Dodging
 - Level 1.7 Stealth
 + Level 1.9 Spellcasting
 + Level 3.6 Conjurations


You had 2 spell levels left.
You knew the following spells:

 Your Spells              Type           Power        Failure   Level  Hunger
a - Magic Dart            Conj           ###.         3%          1    #......

Your spell library contained the following spells:

 Spells                   Type           Power        Failure   Level  Hunger
 Searing Ray              Conj           ###...       6%          2    ###....
 Dazzling Flash           Conj/Hex       #.....       24%         3    ###....
 Fulminant Prism          Conj/Hex       #.........   63%         4    #####..
 Iskenderun's Mystic Bla  Conj/Tloc      #.......     63%         4    #####..


Dungeon Overview and Level Annotations

Branches:
Dungeon (1/15)


Innate Abilities, Weirdness & Mutations

You have an increased reservoir of magic. (+10% MP)


Message History

Welcome, Charmandara the Demigod Conjurer.
Will you prevail where others failed? Will you find the Orb of Zot?
Found two stairs.
There is a stone staircase leading down here.
A giant cockroach comes into view.
A giant cockroach is nearby!
Aim: a giant cockroach (hasn't noticed you)
The magic dart hits the giant cockroach.
You now have 4/5 mp.
Aim: a giant cockroach (severely wounded)
The magic dart hits the giant cockroach.
You kill the giant cockroach!
You now have 3/5 mp.
Unknown command.
A hobgoblin comes into view. It is wielding a +0 club.
You see here a ration.
A hobgoblin is nearby!
c - 2 rations (gained 1)
Aim: a hobgoblin, wielding a +0 club (hasn't noticed you)
The magic dart hits the hobgoblin.
The hobgoblin shouts!
You now have 2/5 mp.
Aim: a hobgoblin, wielding a +0 club (heavily wounded)
The magic dart hits the hobgoblin.
An ooze comes into view.
You now have 1/5 mp.
Aim: a hobgoblin, wielding a +0 club (almost dead)
The magic dart hits the hobgoblin.
You kill the hobgoblin!
You now have 0/5 mp.
You don't have enough magic to cast that spell.
Things that are here:
a +0 club; a hobgoblin corpse
b - a +0 club The ooze hits you.
You take 4 damage, and have 10/14 hp.
MASSIVE DAMAGE!!
Unknown command.
b - a +0 club (weapon)
The ooze misses you.
Unknown command.
You hit the ooze.
A kobold comes into view. It is wielding a +0 dagger.
The ooze misses you.
Aim: an ooze (lightly wounded)
The magic dart hits the ooze.
The ooze hits you.
You take 4 damage, and have 6/14 hp.
MASSIVE DAMAGE!!
You now have 0/5 mp.
The ooze closely misses you.
Aim: an ooze (moderately wounded)
The magic dart hits the ooze but does no damage.
The ooze closely misses you.
You now have 0/5 mp.
Unknown command.
You barely miss the ooze. The ooze hits you.
* * * LOW HITPOINT WARNING * * *
You take 3 damage, and have 3/14 hp.
MASSIVE DAMAGE!!
The ooze jiggles.
A frilled lizard comes into view.
A rat comes into view.
You open the door. The ooze completely misses you.
There is an open door here.
Aim: an ooze (lightly wounded)
The magic dart hits the ooze.
The frilled lizard hisses angrily.
You now have 1/5 mp.
Aim: an ooze (moderately wounded)
The magic dart hits the ooze.
The ooze barely misses you.
You now have 0/5 mp.
You hit the ooze. The ooze hits you.
* * * LOW HITPOINT WARNING * * *
The ooze hits you.
You die...

### #.# ####.#
K....#
####.#############
## #............K#
.. #####...#####J#
.. #...l.....##@#
..................#
......r...........#
..#.(##...........#
.#.. #...........#
## #...........#
+...........#
.........#


You could see an ooze and a kobold.

Vanquished Creatures
  A giant cockroach (D:1)
  A hobgoblin (D:1)
2 creatures vanquished.

Notes
Turn   | Place    | Note
-------+----------+-------------------------------------------
     0 | D:1      | Charmandara the Demigod Conjurer began the quest for the
                  | Orb.
     0 | D:1      | Reached XP level 1. HP: 14/14 MP: 5/5
    38 | D:1      | HP: 3/14 [ooze (3)]
    60 | D:1      | HP: 3/14 [ooze (1)]
    60 | D:1      | Slain by an ooze

Levels and vault maps discovered:
D:1:      psy_arrival_spokes, layout_basic, chequers_serial_rivers_micro_c,
          bh_walls_and_bars

Action                   || total
-------------------------++-------
Melee: Club              ||     3
 Cast: Magic Dart        ||     9
Dodge: Dodged            ||     6

Table legend:
 A = Non-vault XP
 B = Vault XP
 C = Vault XP percentage of total XP
 D = Non-vault monster count
 E = Vault monster count
 F = Vault count percentage of total count
                 A         B        C        D         E       F
            +---------+---------+-------+---------+---------+-------
      Total |       4 |       0 |   0.0 |       2 |       0 |   0.0
            +---------+---------+-------+---------+---------+-------
        D:1 |       4 |       0 |   0.0 |       2 |       0 |   0.0
            +---------+---------+-------+---------+---------+-------

Levels and vault maps discovered:
D:1:      psy_arrival_spokes, layout_basic, chequers_serial_rivers_micro_c,
          bh_walls_and_bars

Table legend:
 A = Turns spent in this place as a percentage of turns spent in the entire game.
 B = Non-inter-level travel turns spent in this place as a percentage of non-inter-level travel turns spent in the entire game.
 C = Inter-level travel turns spent in this place as a percentage of turns spent in this place.
 D = Turns resting spent in this place as a percentage of non-inter-level travel turns spent in this place.
 E = Turns spent auto-exploring this place as a percentage of non-inter-level travel turns spent in this place.
 F = Non-inter-level travel turns spent in this place divided by the number of levels of this place that you've seen.
                   A       B       C       D       E      F
               +-------+-------+-------+-------+-------+----------------------
         Total | 100.0 | 100.0 |   0.0 |   0.0 |  16.7 |  60.0
       Dungeon | 100.0 | 100.0 |   0.0 |   0.0 |  16.7 |  60.0
               +-------+-------+-------+-------+-------+----------------------

Table legend:
 A = Kills in this place as a percentage of kills in entire the game.
 B = Kills by you in this place as a percentage of kills by you in the entire game.
 C = Kills by friends in this place as a percentage of kills by friends in the entire game.
 D = Other kills in this place as a percentage of other kills in the entire game.
 E = Experience gained in this place as a percentage of experience gained in the entire game.
 F = Experience gained in this place divided by the number of levels of this place that you have seen.
                   A       B       C       D       E      F
               +-------+-------+-------+-------+-------+----------------------
         Total | 100.0 | 100.0 |   N/A |   N/A | 100.0 |   4.0
       Dungeon | 100.0 | 100.0 |   N/A |   N/A | 100.0 |   4.0
               +-------+-------+-------+-------+-------+----------------------
